AoeStats
← direoa01

Nomad

508820189Analyzed
4v4 RM · 10d ago on Sep 24, 2026· 55m 45s· 8 players
Game mode
Random Map
Map size
231×231
Population
200
Speed
Normal
Resources
Standard
Victory
Conquest
Starting age
Dark Age
Ending age
Imperial Age
RankedLock teamsTeams togetherTeam positionsShared explorationLock speedFull tech treeHidden civsTurbo modeCheats
Victory
Defeat
🇮🇩 Portuguese · Indonesia
784
+4
🇪🇸 Poles · Spain
696
+6
🇺🇸 Saracens · United States
637
+8
🇹🇼 Byzantines · Taiwan
556
+9
🇨🇳 Italians · China
496
-8
🇺🇸 Maya · United States
448
-7
🇬🇧 Burmese · United Kingdom
446
-7
🇯🇵 Varangians · Japan
362
-5
direoa01
11:54 Loom
20:17 Feudal Age
20:43 Fishing Lines
20:51 Arson
20:27 Man-at-Arms
21:05 Stone Mining
21:47 Gold Mining
23:45 Wheelbarrow
30:44 Castle Age
30:41 Bloodlines
30:50 Forging
30:41 Scale Mail Armor
30:50 Scale Barding Armor
32:08 Gillnets
33:18 Gold Shaft Mining
34:24 Hand Cart
41:32 Imperial Age
41:49 Gambesons
42:05 Squires
41:25 Pikeman
41:26 Long Swordsman
42:11 Husbandry
41:35 Elite Skirmisher
42:55 Iron Casting
42:36 Chain Mail Armor
42:13 Fletching
42:24 Padded Archer Armor
44:45 Chemistry
44:06 Ballistics
43:57 Masonry
43:29 Treadmill Crane
44:42 Fortified Wall
47:45 Conscription
47:26 Manipur Cavalry
49:24 Elite Arambai
50:17 Howdah
52:06 Architecture
51:09 Cavalier
52:14 Chain Barding Armor
52:25 Plate Mail Armor
51:50 Halberdier
salama20
5:46 Loom
15:23 Feudal Age
18:57 Wheelbarrow
22:15 Double-Bit Axe
24:51 Forging
24:42 Scale Mail Armor
25:16 Fishing Lines
PremixedHail436
3:21 Loom
21:04 Feudal Age
22:42 Town Watch
24:10 Wheelbarrow
24:34 Fishing Lines
25:37 Man-at-Arms
26:04 Arson
29:03 Forging
28:44 Fletching
28:54 Padded Archer Armor
28:55 Scale Mail Armor
29:01 Scale Barding Armor
30:27 Bloodlines
34:48 Castle Age
38:03 Stone Mining
38:06 Gold Mining
38:05 Double-Bit Axe
37:44 Elite Skirmisher
37:45 Crossbowman
37:50 Pikeman
38:31 Squires
38:17 Gambesons
37:53 Long Swordsman
38:38 Husbandry
38:01 Light Cavalry
38:38 Horse Collar
40:06 Gillnets
40:41 Medium Warships
41:10 Hand Cart
41:36 Stone Shaft Mining
41:17 Bow Saw
41:12 Heavy Plow
42:35 Town Patrol
44:21 Bodkin Arrow
45:28 Murder Holes
45:14 Treadmill Crane
45:44 Masonry
45:26 Guard Tower
45:48 Clinker Construction
45:30 Heated Shot
49:49 Ballistics
52:17 Imperial Age
乔巴
8:02 Loom
16:19 Feudal Age
17:01 Horse Collar
24:52 Castle Age
26:02 Fletching
26:16 Padded Archer Armor
29:24 Bodkin Arrow
Xengue
6:15 Loom
16:50 Feudal Age
17:12 Fishing Lines
18:11 Wheelbarrow
17:35 Horse Collar
18:14 Town Watch
18:33 Double-Bit Axe
19:37 Bloodlines
24:32 Castle Age
26:33 Gillnets
29:55 Hand Cart
34:02 Husbandry
37:20 Imperial Age
38:05 Scale Barding Armor
38:12 Forging
37:47 Cavalier
40:57 Heavy Plow
41:25 Chain Barding Armor
41:54 Conscription
45:03 Crop Rotation
44:52 Elite Obuch
48:00 Szlachta Privileges
50:31 Scale Mail Armor
53:09 Chain Mail Armor
53:29 Iron Casting
dokoenig3
20:20 Feudal Age
23:10 Double-Bit Axe
23:17 Gold Mining
29:34 Castle Age
31:49 Wheelbarrow
30:59 Town Watch
31:01 Loom
30:43 Crossbowman
31:29 Thumb Ring
32:38 Medium Warships
33:50 Fletching
34:00 Padded Archer Armor
35:04 Pikeman
35:45 Squires
35:31 Gambesons
35:32 Arson
43:41 Imperial Age
43:43 Forging
43:34 Scale Mail Armor
43:57 Arbalester
44:37 Bodkin Arrow
45:14 Leather Archer Armor
45:36 Iron Casting
45:08 Scale Mail Armor
46:12 Heavy Warships
47:42 Chemistry
47:12 Ballistics
46:50 Murder Holes
47:13 Careening
47:18 Clinker Construction
47:06 Fishing Lines
51:54 Ring Archer Armor
51:32 Bracer
54:22 Carvel Hull
54:25 Dry Dock
ayon
7:21 Loom
20:03 Feudal Age
20:33 Double-Bit Axe
27:27 Castle Age
43:59 Imperial Age
54:00 Wheelbarrow
53:13 Town Watch
56:29 Chemistry
55:50 Ballistics
55:21 Heated Shot
55:41 Siege Engineers
55:49 Forging
55:39 Scale Mail Armor
55:45 Scale Barding Armor
56:01 Town Patrol
56:19 Hand Cart
allenchien1968
8:45 Loom
18:24 Feudal Age
24:54 Castle Age
23:38 Fishing Lines
24:08 Gold Mining
24:40 Double-Bit Axe
24:39 Horse Collar
28:26 Scale Mail Armor
28:36 Forging
31:04 Chain Mail Armor
31:25 Iron Casting
32:06 Gold Shaft Mining
31:47 Bow Saw
31:47 Stone Mining
32:31 Pikeman
32:57 Gambesons
33:42 Scale Barding Armor
34:16 Padded Archer Armor
34:06 Fletching
41:18 Imperial Age
40:57 Husbandry
41:24 Chain Barding Armor
41:05 Bodkin Arrow
42:32 Wheelbarrow
42:32 Ballistics
44:17 Cavalier
45:37 Elite Varangian Guard
46:06 Arson
46:23 Squires
47:49 Hand Cart
49:00 Two-Man Saw
48:04 Heavy Plow
49:16 Halberdier
50:54 Light Cavalry
53:43 Spies/Treason
53:53 Hussar
Connection lost

Rejoining the realm…

Still unreachable

The connection could not be restored.

Session expired

The server has moved on; the page needs a fresh start.